 Dungeon Crawl Stone Soup version 0.31-a0-702-gf82c85558f (webtiles) character file.

Game seed: 297569600595777543

138 qw the Shooter (level 5, -3/32 HPs)
             Began as a Gargoyle Hunter on Sept 7, 2023.
             Slain by Pikel
             ... wielding a +1 whip of electrocution
              (8 damage)
             ... on level 4 of the Dungeon.
             The game lasted 00:00:52 (2397 turns).

qw the Shooter (Gargoyle Hunter)                    Turns: 2397, Time: 00:00:52

Health: -3/32      AC:  0    Str: 14    XL:     5   Next: 21%
Magic:  5/5        EV: 19    Int: 10    God:
Gold:   156        SH:  0    Dex: 20    Spells: 4/4 levels left

rFire   . . .        Y - melded +1 shortbow
rCold   . . .        (shield currently unavailable)
rNeg    + . .        j - melded +3 leather armour
rPois   inf          (helmet currently unavailable)
rElec   .            g - melded scarf {rC+ rF+}
rCorr   .            (gloves currently unavailable)
SInv    .            (boots currently unavailable)
Will    .....        (no amulet)
Stlth   ++           (ring currently unavailable)
HPRegen 0.25/turn    (ring currently unavailable)
MPRegen 0.09/turn

%: no passive effects
@: bat-form, flying, very quick
A: fast, flying, no casting, sickness immunity, AC +4, tiny, negative energy
resistance 1, (electricity resistance), torment resistance 1, petrification
resistance
a: no special abilities


You were on level 4 of the Dungeon.
You were a bat.
You visited 1 branch of the dungeon, and saw 4 of its levels.

You collected 156 gold pieces.


Innate Abilities, Weirdness & Mutations

You are a bat.
You are tiny and dextrous.
You move quickly.
You are flying.
Your equipment is almost entirely melded.
You are incapable of wielding weapons or throwing items.
You cannot cast spells.
You are immune to sickness and miasma.
((Your stone body is resilient. (AC +4)))
You are immune to poison.
You resist negative energy. (rN+)
((You are resistant to electric shocks. (rElec)))
You are resistant to unholy torment.
You are immune to petrification.


   Skills:
 + Level 3.0 Fighting
 - Level 6.0 Ranged Weapons
 - Level 1.5 Dodging
 - Level 1.1 Stealth


You had 4 spell levels left.
You didn't know any spells.
Your spell library was empty.

Inventory:

Hand Weapons
 Y - a +1 shortbow (melded)
Armour
 g - a scarf of resistance (melded)
 i - a +0 cloak
 j - a +3 leather armour (melded)
Scrolls
 e - a scroll of identify
Potions
 f - 3 potions of curing

Dungeon Overview and Level Annotations

Branches:
Dungeon (4/15)
 Temple: D:4-7

Altars:

Shops:
D:3 (

Annotations:
D:4 Pikel


Message History

Your +1 shortbow melds into your body.
Your scarf of resistance melds into your body.
Your +3 leather armour melds into your body.
You feel hot and cold all over.
A lemure comes into view.
2390 ||| DRINKING potion of cancellation.
Your magical effects are unravelling.
You feel magically purged.
You condense into your normal self.
Your +1 shortbow unmelds from your body.
Your scarf of resistance unmelds from your body.
Your +3 leather armour unmelds from your body.
You feel resistant to extremes of temperature.
The lemure shouts!
You shoot an arrow. The arrow hits Pikel.
Pikel is lightly wounded.
You shoot an arrow. The arrow hits Pikel.
Pikel is lightly wounded.
Pikel checks his coin pouch and frowns.
You shoot an arrow. The arrow closely misses Pikel.
The arrow hits the lemure.
The lemure is moderately wounded.
Pikel hits you but does no damage.
You shoot an arrow. The arrow closely misses Pikel.
The arrow hits the lemure!
The lemure is heavily wounded.
Pikel hits you but does no damage.
You shoot an arrow. The arrow hits Pikel!
Pikel is moderately wounded.
Pikel hits you but does no damage.
You shoot an arrow. The arrow barely misses Pikel.
The arrow closely misses the lemure.
Pikel zaps a wand.
You resist with some effort.
You shoot an arrow. The arrow barely misses Pikel.
The arrow hits the lemure.
The lemure is heavily wounded.
Pikel zaps a wand.
You turn into a bat.
Your +1 shortbow melds into your body.
Your scarf of resistance melds into your body.
Your +3 leather armour melds into your body.
You feel hot and cold all over.
Pikel hits you with a +1 whip of electrocution!
You die...
Pikel says, "See you in Hell!"

#................#
##..............##
#.............##
##........#####
##..###### ##.#
#%## #.)######=.
#..bK5.....
#..####..... #..##
... #.# . ... ...#
#... #..


You could see Pikel and a lemure.

Vanquished Creatures
  3 lemures (D:4)
  A hound (D:4)
  An orc priest (D:3)
  3 adders (D:3)
  A worm (D:3)
  2 orcs (D:3)
  4 endoplasms
  A giant cockroach (D:2)
  2 hobgoblins
  2 jackals (D:1)
  A quokka (D:2)
  6 ball pythons
  5 bats
  3 frilled lizards
  7 goblins
  5 kobolds
  7 rats
54 creatures vanquished.

Notes
Turn   | Place    | Note
-------+----------+-------------------------------------------
     0 | D:1      | qw the Gargoyle Hunter began the quest for the Orb.
     0 | D:1      | Reached XP level 1. HP: 12/12 MP: 1/1
     0 | D:1      | 0 ||| qw: Version: 0.3-a-76-g4403597
     0 | D:1      | 0 ||| qw: Game counter: 924
     0 | D:1      | 0 ||| qw: Melee chars always use a shield: true
     0 | D:1      | 0 ||| qw: God list: Okawaru
     0 | D:1      | 0 ||| qw: Allow faded altars: false
     0 | D:1      | 0 ||| qw: Do Orc after clearing Dungeon:15 true
     0 | D:1      | 0 ||| qw: Do second Lair branch before Depths: true
     0 | D:1      | 0 ||| qw: Lair rune preference: random
     0 | D:1      | 0 ||| qw: Goals: Normal
     0 | D:1      | 0 ||| PLANNING D:1-11
   241 | D:1      | Reached XP level 2. HP: 17/17 MP: 2/2
   829 | D:1      | 829 ||| UPGRADING to scarf of resistance.
   834 | D:1      | 834 ||| READING 2 scrolls labelled YJOETA RAY.
   835 | D:1      | 835 ||| READING 2 scrolls labelled AGEORUO SECKI.
   836 | D:1      | 836 ||| READING scroll labelled GORUOVERET.
   839 | D:1      | 839 ||| DROPPING scroll of fear.
   840 | D:1      | 840 ||| DROPPING scroll of butterflies.
  1084 | D:2      | Reached XP level 3. HP: 21/21 MP: 3/3
  1143 | D:2      | Reached skill level 5 in Ranged Weapons
  1477 | D:2      | 1477 ||| UPGRADING to +0 ring mail.
  1487 | D:2      | 1487 ||| DROPPING +0 leather armour.
  1488 | D:2      | 1488 ||| UPGRADING to +3 leather armour.
  1498 | D:2      | 1498 ||| DROPPING +0 ring mail.
  1499 | D:2      | 1499 ||| DROPPING ring of magical power.
  1500 | D:2      | 1500 ||| READING scroll labelled QAEMOUDIOBB.
  1501 | D:2      | 1501 ||| READING 2 scrolls of identify.
  1501 | D:2      | 1501 ||| IDENTIFYING murky yellow potion
  1581 | D:3      | Reached skill level 3 in Fighting
  1697 | D:3      | Found Dussitt's Weapon Emporium.
  1789 | D:3      | Reached XP level 4. HP: 28/28 MP: 4/4
  2064 | D:3      | 2064 ||| FLEEEEING.
  2065 | D:3      | 2065 ||| STAIRDANCE
  2121 | D:2      | 2121 ||| READING scroll labelled NOERGH NUCKA.
  2122 | D:2      | 2122 ||| READING 2 scrolls labelled GUKLUA IRUE.
  2123 | D:2      | 2123 ||| READING scroll labelled TOAHIC CUZO.
  2124 | D:2      | 2124 ||| READING 2 scrolls of identify.
  2124 | D:2      | 2124 ||| IDENTIFYING fuming emerald potion
  2125 | D:2      | 2125 ||| DROPPING scroll of noise.
  2131 | D:3      | 2131 ||| STAIRDANCE
  2334 | D:4      | Reached skill level 6 in Ranged Weapons
  2334 | D:4      | Reached XP level 5. HP: 32/32 MP: 5/5
  2335 | D:4      | Noticed a lemure
  2343 | D:4      | Killed a lemure
  2365 | D:4      | Noticed a lemure
  2369 | D:4      | Noticed a lemure
  2370 | D:4      | 2370 ||| RETREATING.
  2381 | D:4      | Killed a lemure
  2387 | D:4      | Noticed Pikel
  2387 | D:4      | HP: 7/32 [lemure[Pikel] (4)]
  2388 | D:4      | HP: 2/32 [lemure[Pikel] (5)]
  2389 | D:4      | Killed a lemure
  2389 | D:4      | Noticed a lemure
  2390 | D:4      | 2390 ||| DRINKING potion of cancellation.
  2397 | D:4      | Slain by Pikel

Levels and vault maps discovered:
D:1:      dpeg_arrival_brainrot, layout_basic, minmay_pentomino_q4
D:2:      layout_loops_ring
D:3:      layout_loops_ring, serial_shops, shop
D:4:      layout_cave_pods, gammafunk_ghost_mausoleum, uniq_edmund, uniq_pikel,
          uniq_sigmund

Skill      XL: |  1  2  3  4 |
---------------+-------------+-----
Ranged Weapons | 5 6 |  6.0
Fighting       | 3 |  3.0
Dodging        | |  1.5
Stealth        | |  1.1

Action                     |  1- 3 |  4- 6 || total
---------------------------+-------+-------++-------
   Fire: Shortbow          |   119 |    75 ||   194
    Use: Scroll            |     5 |     4 ||     9
         Potion            |       |     1 ||     1
 Armour: Leather armour    |    24 |    31 ||    55
         Skin              |       |     1 ||     1
  Dodge: Dodged            |    31 |    23 ||    54

Table legend:
 A = Non-vault XP
 B = Vault XP
 C = Vault XP percentage of total XP
 D = Non-vault monster count
 E = Vault monster count
 F = Vault count percentage of total count
                 A         B        C        D         E       F
            +---------+---------+-------+---------+---------+-------
      Total |     190 |       8 |   4.0 |      46 |       5 |   9.8
            +---------+---------+-------+---------+---------+-------
        D:1 |      12 |       8 |  40.0 |      10 |       5 |  33.3
        D:2 |      25 |       0 |   0.0 |      15 |       0 |   0.0
        D:3 |     106 |       0 |   0.0 |      17 |       0 |   0.0
        D:4 |      47 |       0 |   0.0 |       4 |       0 |   0.0
            +---------+---------+-------+---------+---------+-------
